 Dungeon Crawl Stone Soup version 0.31-a0-204-g7da18cac08 (webtiles) character file.

Game seed: 3970804097799008700

443 qw the Skirmisher (level 6, -1/35 HPs)
             Began as a Deep Elf Hunter on June 27, 2023.
             Slain by a red devil
             ... wielding a +0 demon trident of venom
             ... summoned by a kobold demonologist
              (10 damage)
             ... on level 5 of the Dungeon.
             The game lasted 00:01:04 (2963 turns).

qw the Skirmisher (Deep Elf Hunter)                 Turns: 2963, Time: 00:01:05

Health: -1/35      AC: 10    Str: 10      XL:     6   Next: 71%
Magic:  7/7        EV: 16    Int: 13 (14) God:
Gold:   149        SH:  0    Dex: 17 (18) Spells: 5/5 levels left

rFire   . . .        Y - +0 arbalest
rCold   . . .        (shield currently unavailable)
rNeg    . . .        h - +1 ring mail
rPois   .            (no helmet)
rElec   .            (no cloak)
rCorr   .            (no gloves)
SInv    .            (no boots)
Will    .....        (no amulet)
Stlth   +            f - +5 ring of evasion
HPRegen 0.25/turn    j - +4 ring of protection
MPRegen 0.10/turn

%: no passive effects
@: lethally poisoned (-1 -> -7), about to teleport, spiked
A: deterioration 1, low MP 1, MP-powered wands
a: no special abilities


You were on level 5 of the Dungeon.
You visited 1 branch of the dungeon, and saw 5 of its levels.

You collected 149 gold pieces.


Innate Abilities, Weirdness & Mutations

Your body sometimes deteriorates upon taking damage.
Your magical capacity is low. (-10% MP)
You expend magic power (3 MP) to strengthen your wands.


   Skills:
 - Level 2.1 Fighting
 + Level 10.1 Ranged Weapons
 - Level 3.2 Dodging
 - Level 1.2 Stealth


You had 5 spell levels left.
You didn't know any spells.
Your spell library was empty.

Inventory:

Hand Weapons
 Y - a +0 arbalest (weapon)
Armour
 h - a +1 ring mail (worn)
Jewellery
 f - a +5 ring of evasion (left hand)
 j - a +4 ring of protection (right hand)
Scrolls
 a - 3 scrolls of teleportation
 m - a scroll of identify
Potions
 d - a potion of ambrosia {unknown}
 e - 3 potions of mutation
 g - 2 potions of resistance
 i - a potion of might {unknown}
 o - a potion of cancellation {unknown}

Dungeon Overview and Level Annotations

Branches:
Dungeon (5/15)
 Temple: D:4-7

Altars:
Uskayaw

Shops:
D:3 :

Annotations:
D:4 2 transporters, qw's ghost, novice DEHu


Message History

The bolt barely misses the kobold demonologist.
The bolt barely misses the red devil.
The kobold demonologist casts a spell.
The red devil hits you from afar with a +0 demon trident of venom!!
Ouch! That really hurt!
Barbed spikes become lodged in your body.
You are lethally poisoned!
The kobold demonologist barely misses you.
You shoot a bolt.
The bolt closely misses the kobold demonologist.
The bolt hits the orange demon.
The orange demon is lightly wounded.
Your body deteriorates!
You feel dopey.
You feel extremely sick.
The kobold demonologist hits you but does no damage.
The iron imp closely misses you.
The orange demon stings you but does no damage.
The kobold demonologist hits you but does no damage.
2961 ||| READING 4 scrolls of teleportation.
As you read the scroll of teleportation, it crumbles to dust.
You feel strangely unstable.
You feel very sick. The iron imp closely misses you.
The orange demon barely misses you.
The kobold demonologist hits you but does no damage.
2962 ||| DRINKING potion of heal wounds.
You feel much better.
You feel very sick. The red devil closely misses you.
The orange demon closely misses you. The kobold demonologist misses you.
You shoot a bolt.
The bolt closely misses the kobold demonologist.
The bolt hits the orange demon.
The orange demon is lightly wounded.
You feel very sick.
The red devil hits you from afar with a +0 demon trident of venom!
Barbed spikes become lodged in your body.
The iron imp misses you. The orange demon closely misses you.
The kobold demonologist hits you but does no damage.
The red devil hits you from afar with a +0 demon trident of venom!
You die...

#########
........####
.......<...#
#######.##.#
#.##.#
#.##.#
#.##5#
#.##@#
...#K#
###44# #...
#... ....#
##..# ##.#


You could see an orange demon (summoned), a kobold demonologist, a red devil
(summoned) and an iron imp (summoned).

Vanquished Creatures
  An ogre (D:3)
  A bullfrog (D:4)
  A howler monkey (D:5)
  A jelly (D:4)
  An orc wizard (D:4)
  Natasha (twice) (D:3)
  4 gnolls (D:4)
  3 adders
  2 ufetubi (D:4)
  A worm (D:3)
  A dart slug (D:1)
  5 orcs (D:4)
  7 endoplasms
  3 giant cockroaches
  6 goblins
  9 hobgoblins
  5 quokkas
  A ball python (D:3)
  4 bats
  4 frilled lizards
  3 kobolds
  2 rats
67 creatures vanquished.

Notes
Turn   | Place    | Note
-------+----------+-------------------------------------------
     0 | D:1      | qw the Deep Elf Hunter began the quest for the Orb.
     0 | D:1      | Reached XP level 1. HP: 12/12 MP: 3/3
     0 | D:1      | 0 ||| qw: Version: 0.3-a-22-g0ed2b0b
     0 | D:1      | 0 ||| qw: Game counter: 6392
     0 | D:1      | 0 ||| qw: Melee chars always use a shield: true
     0 | D:1      | 0 ||| qw: God list: Okawaru
     0 | D:1      | 0 ||| qw: Allow faded altars: false
     0 | D:1      | 0 ||| qw: Do Orc after clearing Dungeon:15 true
     0 | D:1      | 0 ||| qw: Do second Lair branch before Depths: true
     0 | D:1      | 0 ||| qw: Lair rune preference: random
     0 | D:1      | 0 ||| qw: Goals: Normal
     0 | D:1      | 0 ||| PLANNING D:1-11
   152 | D:1      | Reached XP level 2. HP: 16/16 MP: 4/4
   199 | D:1      | Reached skill level 6 in Ranged Weapons
   678 | D:1      | 678 ||| UPGRADING to +5 ring of evasion.
   679 | D:1      | 679 ||| UPGRADING to +4 ring of protection.
   680 | D:1      | 680 ||| READING scroll labelled RIYFAL QUTS.
   681 | D:1      | 681 ||| READING scroll labelled FULUIH TENIGERR.
   682 | D:1      | 682 ||| DROPPING scroll of butterflies.
   793 | D:2      | Reached XP level 3. HP: 20/20 MP: 5/5
  1104 | D:2      | Reached skill level 7 in Ranged Weapons
  1246 | D:2      | 1246 ||| READING 3 scrolls labelled VEAR HAMNEE.
  1251 | D:2      | 1251 ||| READING scroll labelled QECESCH ENELU.
  1252 | D:2      | 1252 ||| DRINKING 4 brown potions.
  1252 | D:2      | Gained mutation: You expend magic power (3 MP) to
                  | strengthen your wands. [potion of mutation]
  1252 | D:2      | Gained mutation: Your magical capacity is low. (-10% MP)
                  | [potion of mutation]
  1252 | D:2      | Gained mutation: Your body sometimes deteriorates upon
                  | taking damage. [potion of mutation]
  1253 | D:2      | 1253 ||| DRINKING 2 viscous silvery potions.
  1318 | D:3      | 1318 ||| READING scroll of enchant weapon.
  1318 | D:3      | 1318 ||| ENCHANTING +1 shortbow.
  1334 | D:3      | Reached XP level 4. HP: 25/25 MP: 5/5
  1450 | D:3      | Noticed an ogre
  1457 | D:3      | Killed an ogre
  1458 | D:3      | Reached skill level 8 in Ranged Weapons
  1458 | D:3      | Reached XP level 5. HP: 29/29 MP: 6/6
  1490 | D:3      | Found a faded altar of an unknown god.
  1496 | D:3      | Noticed Natasha
  1507 | D:3      | Killed Natasha
  1706 | D:3      | Found Jesah's Book Emporium.
  1882 | D:3      | Noticed Natasha
  1895 | D:3      | Killed Natasha
  1896 | D:3      | Reached skill level 9 in Ranged Weapons
  2079 | D:3      | 2079 ||| UPGRADING to +0 ring mail.
  2089 | D:3      | 2089 ||| DROPPING +0 leather armour.
  2090 | D:3      | 2090 ||| READING scroll labelled KEANID KIEQOUR.
  2091 | D:3      | 2091 ||| READING scroll labelled PYUNUSEIGG.
  2161 | D:4      | 2161 ||| SWAPPING to +0 arbalest.
  2162 | D:4      | 2162 ||| DROPPING +2 shortbow.
  2166 | D:4      | Found a transporter.
  2167 | D:4      | Noticed qw's ghost (novice DEHu)
  2174 | D:4      | Found a transporter.
  2175 | D:4      | Identified the +10 giant club "Eroiq" {protect, Int+4}
  2175 | D:4      | Noticed an ogre
  2178 | D:4      | Noticed an ogre
  2186 | D:4      | 2186 ||| Stepping ~*~*~tactically~*~*~ (outnumbered).
  2306 | D:4      | 2306 ||| READING scroll of enchant armour.
  2306 | D:4      | 2306 ||| ENCHANTING +0 ring mail.
  2395 | D:4      | Reached XP level 6. HP: 32/35 MP: 7/7
  2403 | D:4      | HP: 8/35 [gnoll/+0 spear (5)]
  2404 | D:4      | 2404 ||| READING 2 scrolls of teleportation.
  2405 | D:4      | HP: 3/35 [gnoll/+0 spear (2)]
  2654 | D:4      | Reached skill level 10 in Ranged Weapons
  2779 | D:4      | Found a hide-covered altar of Uskayaw.
  2823 | D:4      | 2823 ||| READING scroll labelled SEUNKE CISU.
  2924 | D:4      | 2924 ||| READING scroll labelled LYERCH FYACU.
  2925 | D:4      | 2925 ||| READING scroll labelled MEKLUDAGAO.
  2926 | D:4      | 2926 ||| DRINKING 2 murky emerald potions.
  2927 | D:4      | 2927 ||| READING 2 scrolls of identify.
  2927 | D:4      | 2927 ||| IDENTIFYING silvery potion
  2928 | D:4      | 2928 ||| DROPPING potion of attraction.
  2943 | D:5      | Entered Level 5 of the Dungeon
  2947 | D:5      | Reached skill level 3 in Dodging
  2954 | D:5      | Noticed a kobold demonologist
  2958 | D:5      | Noticed a red devil
  2959 | D:5      | Noticed an orange demon
  2960 | D:5      | HP: 7/35 [poisoned by a red devil]
  2961 | D:5      | 2961 ||| READING 4 scrolls of teleportation.
  2961 | D:5      | HP: 3/35 [poisoned by a red devil]
  2962 | D:5      | 2962 ||| DRINKING potion of heal wounds.
  2963 | D:5      | Slain by a red devil

Levels and vault maps discovered:
D:1:      dpeg_arrival_pits, layout_basic
D:2:      layout_loops_ring
D:3:      layout_loops_cross, serial_shops, nicolae_shop_tiny_statue_garden,
          shapermc_ecumenical_altar_starsandcircs, minmay_misc_feat_tower,
          uniq_natasha
D:4:      layout_loops_ring, nicolae_uskayaw_murder_on_the_dancefloor,
          gammafunk_ghost_smash
D:5:      layout_loops_ring, mainiacjoe_overflow_surrounded_room,
          grunt_ashenzari_visionary [grunt_ashenzari_visionary_shoals,
          grunt_ashenzari_visionary_spider], uniq_prince_ribbit1

Skill      XL: |  1  2  3  4  5  6 |
---------------+-------------------+-----
Ranged Weapons | 6 7 8 9 10 | 10.1
Fighting       | 2 |  2.1
Dodging        | 3 |  3.2
Stealth        | |  1.2

Action                     |  1- 3 |  4- 6 || total
---------------------------+-------+-------++-------
   Fire: Shortbow          |   108 |    61 ||   169
         Arbalest          |       |    52 ||    52
    Use: Scroll            |     5 |     9 ||    14
         Potion            |     2 |     2 ||     4
 Armour: Leather armour    |     7 |     9 ||    16
         Ring mail         |       |    15 ||    15
  Dodge: Dodged            |    20 |    50 ||    70

Table legend:
 A = Non-vault XP
 B = Vault XP
 C = Vault XP percentage of total XP
 D = Non-vault monster count
 E = Vault monster count
 F = Vault count percentage of total count
                 A         B        C        D         E       F
            +---------+---------+-------+---------+---------+-------
      Total |     598 |      35 |   5.5 |      66 |       1 |   1.5
            +---------+---------+-------+---------+---------+-------
        D:1 |      32 |       0 |   0.0 |      18 |       0 |   0.0
        D:2 |      47 |       0 |   0.0 |      14 |       0 |   0.0
        D:3 |     191 |      35 |  15.5 |      13 |       1 |   7.1
        D:4 |     273 |       0 |   0.0 |      20 |       0 |   0.0
        D:5 |      55 |       0 |   0.0 |       1 |       0 |   0.0
            +---------+---------+-------+---------+---------+-------
